 Dungeon Crawl Stone Soup version 0.26-a0-1132-ge9770dfcb6 (webtiles) character file.

Game seed: 589499486285674135

131 Dracia the Ruffian (level 4, -8/45 HPs)
             Began as a Troll Monk on Dec 20, 2020.
             Killed by nerve-wracking pain
             ... invoked by Grinder
              (12 damage)
             ... on level 3 of the Dungeon.
             The game lasted 00:02:49 (1453 turns).

Dracia the Ruffian (Troll Monk)                     Turns: 1453, Time: 00:02:50

Health: -8/45      AC:  7    Str: 19    XL:     4   Next: 91%
Magic:  3/3        EV: 11    Int:  6    God:
Gold:   147        SH:  0    Dex: 13    Spells: 3/3 levels left

rFire    . . .     SeeInvis .     - Unarmed
rCold    . . .     Faith    .   (no shield)
rNeg     . . .     Spirit   .   a - +0 robe
rPois    .         Reflect  .   (helmet restricted)
rElec    .         Harm     .   i - +0 cloak
rCorr    .         Rampage  .   (gloves unavailable)
Will     .....                  (boots unavailable)
Stlth    ++........             (no amulet)
HPRegen  0.55/turn              (no ring)
MPRegen  0.08/turn              (no ring)

@: no status effects
A: large, unfitting armour, claws 3, regeneration 1, shaggy fur 1, tough skin 3
a: no special abilities


You were on level 3 of the Dungeon.
You visited 1 branch of the dungeon, and saw 3 of its levels.

You collected 147 gold pieces.


Innate Abilities, Weirdness & Mutations

You are too large for most types of armour.
You have claws for hands.
Your natural rate of healing is unusually fast.
You are covered in fur. (AC +1)
You have extremely tough skin. (AC +3)


   Skills:
 + Level 3.1 Fighting
 + Level 3.1 Dodging
 - Level 1.0 Stealth
 * Level 4.5 Unarmed Combat


You had 3 spell levels left.
You didn't know any spells.
Your spell library was empty.

Inventory:

Missiles
 p - 13 poisoned darts (quivered)
Armour
 a - a +0 robe (worn)
 i - a +0 cloak (worn)
 j - a scarf of invisibility
Scrolls
 b - a scroll of enchant weapon {unknown}
 e - 2 scrolls of identify {unknown}
 g - 4 scrolls of remove curse {@r2@r2}
 k - a scroll of fear {unknown}
 l - a scroll of random uselessness {unknown}
 m - a scroll of fog {unknown}
 q - a scroll of immolation {unknown}
Potions
 c - 2 potions of might {unknown}
 d - 2 potions of curing {unknown}
 f - a potion of haste {unknown}
 h - a potion of heal wounds {unknown}
 n - a potion of ambrosia {unknown}
 o - a potion of lignification {unknown}

Dungeon Overview and Level Annotations

Branches:
Dungeon (3/15)

Altars:
Kikubaaqudgha
Nemelex Xobeh
Yredelemnul

Annotations:
D:3 Grinder

### #.## #.. #.# #.#
#.# ####@# ###
#..5.# ..## #....#
#..# ####....# ##.#
#.......# #.#####
#.......#
#.....#<......#†# #
#..##.###.....#.#.#
##..##.######.##.#.#


You could see Grinder.


Message History

Grinder says, "I used to sell toenails on the black market."
Grinder hits you!
* * * LOW HITPOINT WARNING * * *
You writhe in agony.
* * * LOW HITPOINT WARNING * * *
You barely miss Grinder.
Grinder is heavily wounded.
Grinder barely misses you.
You scratch Grinder.
Grinder is heavily wounded.
You closely miss Grinder.
Grinder is heavily wounded.
Grinder gestures at you. Pain shoots through your body!
* * * LOW HITPOINT WARNING * * *
You scratch Grinder.
Grinder is heavily wounded.
Grinder completely misses you.
You barely miss Grinder.
Grinder is heavily wounded.
Grinder hits you.
* * * LOW HITPOINT WARNING * * *
You writhe in agony.
* * * LOW HITPOINT WARNING * * *
You scratch Grinder.
Grinder is severely wounded.
Grinder says, "DUCK!"
Grinder gestures at you. Pain shoots through your body!
You die...

Skill      XL: |  1  2  3 |
---------------+----------+-----
Fighting       | 3 |  3.1
Dodging        | 3 |  3.1
Unarmed Combat | 4 |  4.5
Stealth        | |  1.0

Action                   |  1- 3 |  4- 6 || total
-------------------------+-------+-------++-------
Melee: Unarmed           |    45 |    63 ||   108
  Use: Scroll            |       |     2 ||     2
 Stab: Sleeping          |       |     2 ||     2
Armor: Robe              |    17 |    20 ||    37
Dodge: Dodged            |    20 |    24 ||    44

Levels and vault maps discovered:
D:1:      dpeg_arrival_lava_altar, layout_rooms, kennysheep_small_spiral,
          chequers_serial_rivers_small_b, minmay_pentomino_w4
D:2:      layout_rooms, marbit_many_paths, serial_curves, eino_curves_01,
          eino_curves_03, chequers_decorated_corner, st_stairs_10
D:3:      layout_basic, grunt_temple_overflow_open, minmay_snake_closets,
          uniq_jessica, uniq_grinder

Notes
Turn   | Place    | Note
-------+----------+-------------------------------------------
     0 | D:1      | Dracia the Troll Monk began the quest for the Orb.
     0 | D:1      | Reached XP level 1. HP: 22/22 MP: 0/0
   257 | D:1      | Reached XP level 2. HP: 29/29 MP: 1/1
   643 | D:2      | Reached XP level 3. HP: 24/36 MP: 2/2
   735 | D:2      | Noticed a scorpion
   742 | D:2      | Killed a scorpion
   743 | D:2      | Reached skill level 3 in Fighting
   743 | D:2      | Reached skill level 3 in Dodging
   743 | D:2      | Reached skill level 4 in Unarmed Combat
   743 | D:2      | Reached XP level 4. HP: 38/45 MP: 3/3
  1027 | D:2      | Found an ancient bone altar of Kikubaaqudgha.
  1124 | D:3      | Found a basalt altar of Yredelemnul.
  1124 | D:3      | Found a sparkling altar of Nemelex Xobeh.
  1430 | D:3      | Noticed Grinder
  1430 | D:3      | Paralysed by Grinder for 4 turns
  1452 | D:3      | HP: 4/45 [Grinder (2)]
  1453 | D:3      | Killed from afar by Grinder

Vanquished Creatures
  A scorpion (D:2)
  A worker ant (D:2)
  2 adders (D:3)
  A worm (D:2)
  A leopard gecko (D:2)
  3 orcs (D:3)
  4 giant cockroaches
  5 goblins
  4 hobgoblins
  3 bats
  2 frilled lizards
  6 kobolds
  5 rats
38 creatures vanquished.

Table legend: (Time is in decaauts)
 A = Elapsed time spent in this place.
 B = Non-inter-level travel time spent in this place.
 C = Inter-level travel time spent in this place.
 D = Time resting spent in this place.
 E = Time spent auto-exploring this place.
 F = Levels seen in this place.
 G = Mean time per level.
                   A        B        C        D        E       F      G
               +--------+--------+--------+--------+--------+-----+--------+
         Total |   1446 |   1392 |     54 |      0 |   1141 |   3 |  482.0 |
       Dungeon |   1446 |   1392 |     54 |      0 |   1141 |   3 |  482.0 |
               +--------+--------+--------+--------+--------+-----+--------+

Top non-repeatable levels by time:
     D:2: 636 daAuts
     D:1: 480 daAuts
     D:3: 329 daAuts

Table legend:
 A = Non-vault XP
 B = Vault XP
 C = Vault XP percentage of total XP
 D = Non-vault monster count
 E = Vault monster count
 F = Vault count percentage of total count
                 A         B        C        D         E       F
            +---------+---------+-------+---------+---------+-------
      Total |     101 |      87 |  46.3 |      28 |      10 |  26.3
            +---------+---------+-------+---------+---------+-------
        D:1 |      11 |       7 |  38.9 |       7 |       6 |  46.2
        D:2 |      42 |      80 |  65.6 |       8 |       4 |  33.3
        D:3 |      48 |       0 |   0.0 |      13 |       0 |   0.0
            +---------+---------+-------+---------+---------+-------
